Map: Catalyst LE

Players

Probe

  • Race: Protoss Protoss
  • Spawn Location: 5:00

Bioice - Winner!

  • Race: Zerg Zerg
  • Spawn Location: 11:00

Event: WCS Austin 2018

VOD

Have the link to the VOD?

Description

Time

  • Played on: June 1, 2018, 1:51 p.m.
  • Length: 8:27

All games in this series

Show
View Real Time Build Order
Export as new Build Order

Probe Protoss 

Build Orders: 1 Gate Expand, Oracle Opening, Phoenix Opening, Zealot Archon, Archon Drop 

Get SALT Encoding   

  12  0:01  Probe  
  13  0:13  Probe  
  14  0:17  Pylon  
  14  0:24  Probe  
  15  0:32  Probe  
  15  0:39  Gateway  
  15  0:40  Probe  
  16  0:49  Assimilator  
  17  0:51  Probe  
  18  1:03  Probe  
  19  1:15  Probe  
  20  1:26  Nexus  
  20  1:36  Cybernetics Core  
  20  1:38  Probe  
  21  1:44  Assimilator  
  21  1:50  Probe  
  21  1:53  Pylon  
  22  2:02  Probe  
  22  2:03  Adept  
  23  2:10  Probe  
  26  2:18  Probe  
  26  2:21  Stargate  
  27  2:29  Probe  
  27  2:31  Warp Gate  
  27  2:35  Probe  
  27  2:36  Adept  
  30  2:41  Probe  
  30  2:43  Probe  
  33  2:53  Probe x2  
  33  2:57  Phoenix  
  35  3:03  Adept  
  40  3:05  Probe  
  40  3:11  Probe, Pylon  
  41  3:17  Probe  
  42  3:22  Gateway  
  42  3:25  Oracle  
  45  3:27  Probe  
  45  3:32  Probe  
  45  3:33  Pylon  
  47  3:39  Probe  
  48  3:45  Probe  
  48  3:47  Assimilator  
  49  3:48  Assimilator  
  49  3:51  Probe  
  50  3:57  Robotics Facility, Probe  
  51  4:03  Probe  
  51  4:04  Twilight Council  
  51  4:08  Pylon  
  51  4:09  Probe  
  53  4:11  Charge  
  53  4:15  Probe  
  54  4:20  Gateway  
  54  4:21  Probe  
  54  4:22  Gateway  
  55  4:27  Probe  
  56  4:33  Probe  
  56  4:35  Warp Prism  
  57  4:39  Probe  
  57  4:42  Templar Archives  
  60  4:49  Zealot x2  
  64  4:58  Gateway  
  64  4:59  Gateway  
  64  5:04  Probe x2  
  66  5:10  Pylon  
  66  5:17  Pylon  
  66  5:24  Zealot x2  
  70  5:29  Zealot x2  
  70  5:35  Nexus  
  74  5:43  Observer  
  74  5:49  High Templar x3  
  81  5:50  High Templar  
  81  5:53  Archon  
  81  5:54  Archon, Probe x2  
  81  5:57  Pylon x2  
  85  5:58  Pylon  
  85  6:07  Probe  
  85  6:15  Immortal, Probe  
  85  6:16  Zealot  
  85  6:17  Zealot  
  94  6:21  Zealot  
  94  6:22  Zealot x2  
  94  6:24  Probe  
  99  6:27  Probe  
  92  6:36  Probe  
  92  6:38  Nexus  
  92  6:39  Probe  
  84  6:40  Psionic Storm  
  84  6:41  Pylon  
  84  6:42  Pylon  
  84  6:45  High Templar x2  
  72  6:49  Archon  
  72  6:52  Forge  
  72  6:59  Zealot x3  
  78  7:06  High Templar  
  74  7:11  Gateway  
  74  7:12  Pylon  
  78  7:15  Immortal  
  78  7:18  High Templar  
  78  7:19  Zealot  
  78  7:20  Zealot  
  78  7:22  Adept  
  86  7:23  Archon  
  86  7:24  Zealot  
  88  7:33  Nexus  
  88  7:39  High Templar  
  88  7:40  Zealot  
  88  7:43  Pylon  
  92  7:47  Zealot x2  
  88  8:03  Zealot x3  
  88  8:08  High Templar x2  
  88  8:12  Archon, Zealot  
  85  8:23  Zealot  
  85  8:24  Zealot x2  
Show
View Real Time Build Order
Export as new Build Order

Bioice Zerg - Winner!

Build Orders: Hatch First 

Get SALT Encoding   

  12  0:01  Drone  
  13  0:13  Overlord  
  13  0:17  Drone  
  14  0:31  Drone  
  14  0:32  Drone  
  16  0:50  Hatchery  
  16  0:52  Drone  
  16  0:55  Drone  
  17  1:00  Drone  
  18  1:07  Extractor  
  17  1:15  Spawning Pool  
  17  1:17  Drone  
  17  1:22  Drone  
  18  1:29  Drone  
  19  1:46  Drone  
  20  1:53  Hatchery  
  20  1:54  Drone  
  20  2:00  Drone  
  21  2:02  Drone  
  22  2:10  Queen  
  24  2:17  Overlord  
  24  2:24  Queen  
  26  2:31  Metabolic Boost  
  26  2:35  Zergling x4  
  28  2:37  Drone  
  28  2:39  Drone  
  28  2:42  Drone  
  31  2:45  Drone  
  31  2:51  Queen  
  32  2:55  Overlord  
  34  3:01  Zergling x4  
  36  3:08  Queen  
  36  3:12  Overlord  
  38  3:18  Drone x3  
  38  3:19  Drone  
  42  3:21  Drone  
  42  3:25  Overlord  
  43  3:28  Overlord  
  44  3:34  Drone x3  
  44  3:38  Drone  
  44  3:39  Drone  
  48  3:43  Overlord  
  48  3:46  Drone x2  
  50  3:49  Spore Crawler  
  50  3:52  Spore Crawler  
  50  3:53  Drone  
  49  3:55  Drone  
  49  3:56  Extractor  
  49  4:02  Drone  
  50  4:05  Spore Crawler, Drone x2  
  50  4:08  Drone  
  50  4:09  Drone x2  
  53  4:17  Drone  
  53  4:18  Drone x4  
  53  4:21  Overlord  
  58  4:29  Evolution Chamber, Drone x4  
  61  4:33  Drone  
  61  4:36  Drone x3  
  65  4:41  Drone  
  65  4:43  Lair  
  65  4:44  Overlord, Extractor  
  65  4:50  Overlord  
  65  4:54  Drone x3  
  65  4:55  Drone x2  
  65  4:56  Extractor  
  65  4:59  Zerg Melee Weapons Level 1  
  68  5:01  Queen  
  68  5:04  Queen  
  72  5:09  Overlord  
  72  5:12  Zergling x2  
  72  5:13  Zergling x10  
  78  5:20  Zergling x12  
  84  5:27  Zergling x4  
  86  5:29  Overlord x2  
  86  5:33  Baneling Nest  
  85  5:36  Zergling x6  
  85  5:41  Zergling x4  
  90  5:45  Zergling x8  
  90  5:49  Queen  
  94  5:50  Queen  
  94  5:54  Queen  
  94  5:56  Hydralisk Den  
  99  5:57  Zergling x6  
  93  6:14  Zergling x10  
  93  6:15  Zergling x2  
  93  6:17  Zergling x8  
  93  6:18  Zergling x8  
  95  6:37  Zergling x2  
  90  6:43  Hydralisk x6  
  90  6:44  Hydralisk x2  
  90  6:45  Muscular Augments  
  103  6:52  Hydralisk x5  
  113  6:56  Centrifical Hooks  
  113  7:04  Hydralisk  
  113  7:05  Hydralisk  
  113  7:10  Overlord  
  113  7:11  Overlord x2  
  113  7:12  Zergling x2  
  114  7:23  Overlord x2  
  113  7:33  Baneling  
  113  7:34  Baneling x5  
  112  7:38  Zergling x6  
  112  7:39  Zergling x14  
  112  7:41  Baneling x2  
  122  7:45  Zergling x6  
  122  7:46  Zergling x2  
  122  7:48  Hatchery  
  122  7:51  Hydralisk  
  125  7:56  Zergling x2  
  119  8:12  Baneling x2  
  121  8:25  Extractor  
Tags
 
Add a new tag
Caveats
  • Supply blocks, unpowered buildings, or Contaminate may cause inaccurate times.
  • Supply counts are checked every 10 seconds.